 Dungeon Crawl Stone Soup version 0.23.1-37-gaa34b87b72 (webtiles) character file.

Game seed: 2059813633965383672

164 Morbidden the Slasher (level 5, -5/39 HPs)
             Began as a Demonspawn Gladiator on Mar 23, 2019.
             Slain by an orc priest
             ... wielding a +0 morningstar
              (10 damage)
             ... on level 3 of the Dungeon.
             The game lasted 00:04:46 (2641 turns).

Morbidden the Slasher (Demonspawn Gladiator)        Turns: 2641, Time: 00:04:47

Health: -5/39      AC:  4    Str: 14    XL:     5   Next: 21%
Magic:  5/5        EV: 13    Int: 10    God:
Gold:   103        SH:  0    Dex: 15    Spells: 4/4 levels left

rFire    + . .     SeeInvis .   a - +0 long sword
rCold    . . .     Gourm    .   (no shield)
rNeg     . . .     Faith    .   b - +0 leather armour
rPois    .         Spirit   .   c - +0 helmet
rElec    .         Reflect  .   (no cloak)
rCorr    .         Harm     .   (no gloves)
MR       +....                  (no boots)
Stlth    ..........             (no amulet)
HPRegen  0.13/turn              j - ring of protection from magic
MPRegen  0.09/turn              m - ring of attention (curse)

@: no status effects
A: fire resistance 1, flame cloud immunity
a: no special abilities


You were on level 3 of the Dungeon.
You were hungry.

You visited 1 branch of the dungeon, and saw 3 of its levels.

You collected 103 gold pieces.

Inventory:

Hand Weapons
 a - a +0 long sword (weapon)
Missiles
 d - 3 throwing nets (quivered)
Armour
 b - a +0 leather armour (worn)
 c - a +0 helmet (worn)
Jewellery
 j - a ring of protection from magic (left hand)
 l - an uncursed ring of resist corrosion
 m - a cursed ring of attention (right hand)
Scrolls
 g - a scroll of remove curse {unknown}
 h - 2 scrolls of identify {unknown}
 o - a scroll of amnesia {unknown}
Potions
 e - 3 potions of lignification
 i - 2 potions of curing
 n - a potion of heal wounds
Comestibles
 f - a ration


   Skills:
 * Level 2.6 Fighting
 * Level 4.7 Long Blades
 + Level 1.7 Throwing
 + Level 1.2 Armour
 + Level 3.0 Dodging


You had 4 spell levels left.
You didn't know any spells.
Your spell library was empty.

Dungeon Overview and Level Annotations

Branches:
Dungeon (3/15)

Altars:
Fedhas


Innate Abilities, Weirdness & Mutations

Your flesh is heat resistant. (rF+)
You are immune to clouds of flame.


Message History

Beogh smites you!
The orc priest hits you but does no damage.
The orc hits you but does no damage.
Okay, then.
You feel better.
The orc priest hits you with a +0 flail.
The orc priest misses you. The orc hits you but does no damage.
You closely miss the orc priest.
The orc priest is moderately wounded.
The orc priest hits you with a +0 flail!
The orc priest barely misses you.
You riposte.
You closely miss the orc priest. The orc closely misses you.
Unknown command.
You barely miss the orc priest.
The orc priest is moderately wounded.
The orc priest hits you with a +0 flail!
* * * LOW HITPOINT WARNING * * *
The orc misses you.
The orc priest hits you with a +0 morningstar!
You die...

##. .. #### ###. #..
....###.# . ........##
####...
.........########o......
.........#......@o......
...........#.####o......
........#.###.# ##.#...
#####.###..# ## # .
##...#..# #...##..#
#####.(.....#
........###.# ......<##
..


You could see 2 orc priests and an orc.

Vanquished Creatures
  Jessica (D:2)
  4 gnolls (D:2)
  An adder (D:2)
  An ooze (D:2)
  A worm (D:2)
  A dart slug (D:2)
  A leopard gecko (D:1)
  5 orcs
  4 giant cockroaches
  10 goblins
  8 hobgoblins
  12 jackals
  8 kobolds
  4 bats
  A frilled lizard (D:2)
  5 rats
67 creatures vanquished.

Notes
Turn   | Place    | Note
-------+----------+-------------------------------------------
     0 | D:1      | Morbidden the Demonspawn Gladiator began the quest for the
                  | Orb.
     0 | D:1      | Reached XP level 1. HP: 16/16 MP: 1/1
   209 | D:1      | Reached skill level 3 in Long Blades
   211 | D:1      | Gained mutation: Your flesh is heat resistant. (rF+)
                  | [demonic ancestry]
   211 | D:1      | Reached XP level 2. HP: 14/22 MP: 2/2
   901 | D:1      | Reached XP level 3. HP: 23/27 MP: 3/3
  1204 | D:2      | Noticed Jessica
  1214 | D:2      | Killed Jessica
  1214 | D:2      | Reached skill level 1 in Armour
  1219 | D:2      | Gained mutation: You are immune to clouds of flame.
                  | [demonic ancestry]
  1219 | D:2      | Reached XP level 4. HP: 16/34 MP: 4/4
  1487 | D:2      | Reached skill level 4 in Long Blades
  2236 | D:2      | Reached XP level 5. HP: 37/39 MP: 5/5
  2285 | D:2      | Found a blossoming altar of Fedhas.
  2641 | D:3      | Slain by an orc priest

Skill      XL: |  1  2  3  4 |
---------------+-------------+-----
Long Blades    | 3 4 |  4.7
Armour         | 1 |  1.2
Dodging        | 3 |  3.0
Fighting       | |  2.6
Throwing       | |  1.7

Action                   |  1- 3 |  4- 6 || total
-------------------------+-------+-------++-------
Melee: Long sword        |    76 |   121 ||   197
  Use: Scroll            |     2 |       ||     2
       Potion            |       |     6 ||     6
  Eat: Chunk             |       |     5 ||     5
Armor: Leather armour    |    25 |    32 ||    57
       Skin              |       |    46 ||    46
Dodge: Dodged            |    58 |   116 ||   174
       Rpst.: Long sword |    21 |    28 ||    49
